 Dungeon Crawl Stone Soup version 0.29.1-1-gd02db6906a (webtiles) character file.

Game seed: 16428702187588611090

288 sleeves the Chopper (level 6, 0/51 HPs)
             Began as a Meteoran Berserker on Oct 2, 2022.
             Was a Follower of Trog.
             Slain by a black bear (3 damage)
             ... on level 6 of the Dungeon.
             The game lasted 00:04:42 (860 turns).

sleeves the Chopper (Meteoran Berserker)             Turns: 860, Time: 00:04:42

Health: 0/51       AC:  9    Str: 24    XL:     6   Next: 88%
Magic:  7/7        EV: 12    Int:  8    God:    Trog [*.....]
Gold:   59         SH:  0    Dex: 17    Spells: 5/5 levels left

rFire   + . .      SeeInvis .   a - +1 hand axe
rCold   + . .      Faith    .   (no shield)
rNeg    . . .      Spirit   .   l - +0 ring mail
rPois   +          Reflect  .   (no helmet)
rElec   +          Harm     .   (no cloak)
rCorr   +          Rampage  .   (no gloves)
Will    .....                   (no boots)
Stlth   +.........              (no amulet)
HPRegen 0.17/turn               c - +4 ring of protection
MPRegen 0.10/turn               k - +6 ring of strength

@: mighty, resistant, marked, on berserk cooldown, flying, slowed, glowing, very
slow
A: sense surroundings 1, otherworldly, glowing, explore regen
a: Renounce Religion, Berserk


You were on level 6 of the Dungeon.
You worshipped Trog.
Trog was aware of your devotion.
You visited 1 branch of the dungeon, and saw 4 of its levels.

You collected 59 gold pieces.

Inventory:

Hand Weapons
 a - a +1 hand axe (weapon)
 n - a +0 shortbow
   (You found it on level 3 of the Dungeon)
Missiles
 g - 6 poisoned darts (quivered)
Armour
 l - a +0 ring mail (worn)
   (You found it on level 2 of the Dungeon)
Jewellery
 c - a +4 ring of protection (left hand)
   (You found it on level 1 of the Dungeon)
 k - a +6 ring of strength (right hand)
   (You found it on level 2 of the Dungeon)
Scrolls
 e - a scroll of teleportation {unknown}
 h - 3 scrolls of identify
 i - a scroll of amnesia
Potions
 d - 4 potions of curing
 m - a potion of might
 o - a potion of invisibility {unknown}


   Skills:
 - Level 3.2 Fighting
 + Level 6.9 Axes
 + Level 3.8 Ranged Weapons
 - Level 2.4 Armour
 - Level 2.4 Dodging


You had 5 spell levels left.
You didn't know any spells.
Your spell library was empty.

Dungeon Overview and Level Annotations

Branches:
Dungeon (3/15) Zot: 1536

Altars:

Shops:
D:2 [


Innate Abilities, Weirdness & Mutations

You passively map a small area around you.
You are easily found by Zot.
You glow in the dark.
You regain HP and MP as you explore.


Message History

Welcome, sleeves the Meteoran Berserker.
The heart of this dungeon contains the fabled artefact, the Orb of Zot.
Trog says: Kill them all!
Press ? for a list of commands and other information.
Found a staircase leading out of the dungeon.
You open the door.
There is an open door here.
Found a club.
Found 5 stones.
A rat comes into view.
Found 2 large rocks.
A rat is nearby!
The rat barely misses you.
You hit the rat.
The rat is severely wounded.
The rat barely misses you.
You closely miss the rat.
The rat is severely wounded.
The rat closely misses you.
You barely miss the rat.
The rat is severely wounded.
The rat bites you.
You hit the rat but do no damage.
The rat is severely wounded.
The rat bites you.
You slash the rat!
You kill the rat!
Trog accepts your kill.
No target in view!
No target in view!
You see here a rat corpse.
c - a +4 ring of protection You see here a rat corpse.
d - a fuming grey potion
c - a +4 ring of protection (left hand)
Found a scroll labelled KAZALE BEEFF.
A jackal comes into view.
The jackal barks!
A jackal comes into view.
You hit the jackal.
The jackal is moderately wounded.
The jackal bites you but does no damage.
You hit the jackal.
You kill the jackal!
Trog accepts your kill.
You hit the jackal.
You kill the jackal!
Trog accepts your kill.
e - a scroll labelled KAZALE BEEFF A rat comes into view.
The rat closely misses you.
You hit the rat.
You kill the rat!
Trog accepts your kill.
Your Axes skill increases to level 4!
Found a bubbling emerald potion.
Found a fuming grey potion.
f - a bubbling emerald potion
d - 2 fuming grey potions (gained 1)
Found a stone staircase leading down.
Found 16 gold pieces.
There is a stone staircase leading down here.
You climb downwards.
There is a stone staircase leading up here.
You climb upwards.
There is a stone staircase leading down here.
You now have 16 gold pieces.
Found 6 poisoned darts.
Found a stone staircase leading down.
You see here 6 poisoned darts.
g - 6 poisoned darts A goblin comes into view.
It is wielding a +0 dagger.
The goblin shouts!
There is a stone staircase leading down here.
You climb downwards.
There is a stone staircase leading up here.
You climb upwards.
There is a stone staircase leading down here.
The goblin hits you with a +0 dagger.
You closely miss the goblin. The goblin hits you but does no damage.
You hit the goblin.
You kill the goblin!
Trog accepts your kill.
You have reached level 2!
Things that are here:
a +0 dagger; a goblin corpse
Found a scroll labelled QEOVVA ZOIC.
An endoplasm comes into view.
The endoplasm quivers.
The endoplasm freezes you.
You are frozen.
You see here a scroll labelled QEOVVA ZOIC.
You hit the endoplasm.
The endoplasm is heavily wounded.
The endoplasm freezes you.
You are frozen.
You hit the endoplasm.
You kill the endoplasm!
Trog accepts your kill.
h - a scroll labelled QEOVVA ZOIC
Things that are here:
a +0 dagger; a goblin corpse A goblin comes into view.
It is wielding a +0 club.
The goblin shouts!
You hit the goblin.
You kill the goblin!
Trog accepts your kill.
Found a scroll labelled QEOVVA ZOIC.
You see here a +0 club.
h - 2 scrolls labelled QEOVVA ZOIC (gained 1)
A goblin comes into view. It is wielding a +0 club.
The goblin hits you but does no damage.
You hit the goblin.
The goblin is moderately wounded.
The goblin barely misses you.
You hit the goblin.
The goblin is heavily wounded.
The goblin closely misses you.
You hit the goblin.
You kill the goblin!
Trog accepts your kill.
You see here a +0 club.
Found a scroll labelled YFIDUTAMAE.
Found a scroll labelled YFIDUTAMAE.
i - a scroll labelled YFIDUTAMAE
i - 2 scrolls labelled YFIDUTAMAE (gained 1)
You hit the plant.
The plant begins to die.
The plant is lightly damaged.
You hit the bush but do no damage.
A nearby plant withers and dies.
Found a robe and a scroll labelled QEOVVA ZOIC.
Found a bubbling black potion.
h - 3 scrolls labelled QEOVVA ZOIC (gained 1)
Found 8 gold pieces.
j - a bubbling black potion You now have 24 gold pieces (gained 8).
You see here a +0 club.
There is a stone staircase leading down here.
You climb downwards.
There is a stone staircase leading up here.
A hobgoblin comes into view.
The hobgoblin barely misses you.
You barely miss the hobgoblin. The hobgoblin closely misses you.
You hit the hobgoblin.
The hobgoblin is almost dead.
The hobgoblin barely misses you.
You hit the hobgoblin.
You kill the hobgoblin!
Trog accepts your kill.
A giant cockroach comes into view.
You see here a hobgoblin corpse.
You hit the giant cockroach.
You kill the giant cockroach!
Trog accepts your kill.
Found a fuming grey potion.
d - 3 fuming grey potions (gained 1)
A rat comes into view.
You closely miss the rat. The rat closely misses you.
You barely miss the rat. The rat barely misses you.
You barely miss the rat. The rat closely misses you. The rat barely misses you.
You hit the rat.
The rat is heavily wounded.
The rat bites you but does no damage.
You barely miss the rat.
The rat is heavily wounded.
The rat closely misses you.
You slash the rat!
You kill the rat!
Trog accepts your kill.
You see here a rat corpse.
Found a blackened golden ring.
Found 5 stones.
k - a +6 ring of strength You feel stronger.
k - a +6 ring of strength (right hand)
An adder comes into view.
You slash the adder!
The adder is severely wounded.
The adder bites you but does no damage.
You barely miss the adder.
The adder is severely wounded.
The adder bites you but does no damage.
An adder comes into view.
The adder bites you but does no damage.
You miss the adder.
The adder is severely wounded.
The adder hisses angrily.
The adder bites you.
You hit the adder.
You kill the adder!
Trog accepts your kill.
You have reached level 3!
Your experience leads to an increase in your attributes!
Your base attributes are Str 18, Int 8, Dex 13.
Increase (S)trength, (I)ntelligence, or (D)exterity?
You feel agile. x3
The adder closely misses you.
You slash the adder!
The adder is almost dead.
The adder bites you but does no damage.
You closely miss the adder.
The adder is almost dead.
The adder closely misses you.
You closely miss the adder.
The adder is almost dead.
The adder bites you but does no damage. The adder barely misses you.
You barely miss the adder.
The adder is almost dead.
The adder bites you but does no damage.
You closely miss the adder.
The adder is almost dead.
The adder bites you.
You are poisoned.
The adder poisons you! The adder completely misses you.
You hit the adder.
You kill the adder!
Trog accepts your kill.
You feel sick.
Your Axes skill increases to level 5!
You feel sick.
Found a ring mail.
You feel sick.
You feel sick.
You are no longer poisoned.
Found a scroll labelled KIHES WACHIRI.
You see here a +0 ring mail.
l - a +0 ring mail You start removing your armour.
You continue taking off your +0 animal skin. x4
You finish taking off your +0 animal skin.
You start putting on your armour.
You continue putting on your +0 ring mail. x5
You finish putting on your +0 ring mail.
You drop a +0 animal skin.
Found a fuming grey potion.
b - a scroll labelled KIHES WACHIRI
Found Hautuxer's Armour Shop.
d - 4 fuming grey potions (gained 1)
There is an entrance to Hautuxer's Armour Shop here.
There is a fountain of clear blue water here.
Found a stone staircase leading down.
Found a fizzy orange potion.
There is a stone staircase leading down here.
m - a fizzy orange potion
There is a stone staircase leading down here.
You climb downwards.
Found a shortbow and 10 gold pieces.
There is a stone staircase leading up here.
You now have 34 gold pieces (gained 10).
There is a stone staircase leading up here.
You see here a +0 shortbow.
n - a +0 shortbow
There is a stone staircase leading up here.
You climb upwards.
There is a stone staircase leading down here.
The golden eye turns its gaze towards you.
Found a faded altar of an unknown god.
Found 13 gold pieces.
The great orb of eyes turns its gaze towards you.
The shining eye turns its gaze towards you. x2
The golden eye pulsates ominously.
Found a stone staircase leading down.
You now have 47 gold pieces (gained 13).
There is a stone staircase leading down here.
You climb downwards.
The endoplasm quivers.
Found a scroll labelled QEOVVA ZOIC.
There is a stone staircase leading up here.
You hit the endoplasm.
The endoplasm is heavily wounded.
The endoplasm closely misses you.
You slash the endoplasm!
You kill the endoplasm!
Trog accepts your kill.
h - 4 scrolls labelled QEOVVA ZOIC (gained 1)
There is a stone staircase leading up here.
You climb upwards.
There is a stone staircase leading down here.
Found 7 gold pieces.
Found 5 gold pieces.
You now have 54 gold pieces (gained 7).
You now have 59 gold pieces (gained 5).
An adder comes into view.
The adder hisses angrily.
The adder bites you but does no damage. The adder completely misses you.
You closely miss the adder. The adder bites you.
You are poisoned.
The adder poisons you!
You hit the adder.
The adder is heavily wounded.
You feel sick. The adder bites you but does no damage.
You closely miss the adder.
The adder is heavily wounded.
You feel sick. The adder barely misses you. x2
You barely miss the adder.
The adder is moderately wounded.
You feel sick. The adder bites you but does no damage.
You hit the adder but do no damage.
The adder is moderately wounded.
You feel sick. The adder bites you.
You slash the adder!
You kill the adder!
Trog accepts your kill.
You feel sick.
You have reached level 4!
You feel sick.
You are no longer poisoned.
Found a robe.
A ball python comes into view.
The ball python hisses angrily.
The ball python barely misses you. The ball python grabs you.
The ball python constricts you.
You completely miss the ball python. The ball python closely misses you.
The ball python constricts you.
You hit the ball python.
The ball python is moderately wounded.
The ball python barely misses you. The ball python constricts you.
The ball python barely misses you. The ball python constricts you.
You hit the ball python.
You kill the ball python!
Trog accepts your kill.
A giant cockroach comes into view.
The giant cockroach moves out of view.
The giant cockroach misses you. The giant cockroach bites you.
You hit the giant cockroach but do no damage.
The giant cockroach bites you.
You hit the giant cockroach.
The giant cockroach is moderately wounded.
The giant cockroach misses you.
You barely miss the giant cockroach.
The giant cockroach is moderately wounded.
The giant cockroach bites you but does no damage.
You hit the giant cockroach.
The giant cockroach is almost dead.
The giant cockroach closely misses you. The giant cockroach misses you.
You barely miss the giant cockroach.
The giant cockroach is almost dead.
The giant cockroach barely misses you.
You hit the giant cockroach.
You kill the giant cockroach!
Trog accepts your kill.
You see here a giant cockroach corpse.
You open the large door.
A kobold comes into view. It is wielding a +0 club.
The kobold shouts!
Found a white potion and a whip.
Found a dagger.
There is a large open door here.
You hit the kobold.
The kobold is severely wounded.
The kobold closely misses you.
You hit the kobold but do no damage.
The kobold is severely wounded.
The kobold barely misses you.
You hit the kobold but do no damage.
The kobold is severely wounded.
The kobold barely misses you.
You hit the kobold.
You kill the kobold!
Trog accepts your kill.
o - a white potion You open the large door.
There is a large open door here.
Found a robe.
There is a stone staircase leading down here.
You climb downwards.
There is a stone staircase leading up here.
A sourceless malevolence fills the Dungeon...
You fall into a shaft and drop 3 floors!
The shaft crumbles and collapses.
You hear the hiss of flowing sand.
There is an entrance to an ossuary on this level.
Hurry and find it before the portal is buried!
Found a fizzy orange potion.
m - 2 fizzy orange potions (gained 1)
A black bear comes into view.
The black bear growls angrily.
A sourceless malevolence fills the Dungeon...
With a horrendous wail, an alarm goes off!
A sentinel's mark forms upon you.
You hear an angry growl.
You hear an angry hiss.
You hear a bark!
You hear a loud, deep croak!
You hear a shout! x5; You hear a croak.
Unknown command.
Okay, then.
As you read the scroll labelled KIHES WACHIRI, it crumbles to dust.
It is a scroll of enchant weapon.
Your +0 hand axe glows red for a moment.
As you read the scroll labelled YFIDUTAMAE, it crumbles to dust.
It is a scroll of amnesia.
You feel forgetful for a moment.
The black bear bites you but does no damage.
The black bear claws you but does no damage.
The black bear claws you.
A red film seems to cover your vision as you go berserk!
You feel yourself moving faster!
You feel mighty! The black bear closely misses you. The black bear claws you.
The black bear misses you.
You barely miss the black bear. You closely miss the black bear.
A wight comes into view. It is wielding a +0 trident.
A black bear comes into view.
The black bear bites you.
The black bear claws you but does no damage. x2
You slash the black bear!
The black bear is moderately wounded.
The black bear barely misses you. The black bear claws you.
The black bear barely misses you.
You slash the black bear! You punch the black bear!
You kill the black bear!
Trog accepts your kill.
Your Axes skill increases to level 6!
Your Ranged Weapons skill gained 2 levels and is now at level 2!
You have reached level 5!
A wight comes into view. It is wielding a +3 morningstar.
The wight barely misses you.
You hit the wight.
The wight is moderately damaged.
The wight hits you with a +0 trident.
You slash the wight!
You destroy the wight!
Trog accepts your kill.
Your Ranged Weapons skill increases to level 3!
You have reached level 6!
You feel agile.
You swing at nothing.
A wight comes into view. It is wielding a +0 flail.
You hit the wight.
The wight is moderately damaged.
The wight hits you with a +3 morningstar!
You closely miss the wight.
The wight is moderately damaged.
You slash the wight!
You destroy the wight!
Trog accepts your kill.
You closely miss the wight. The wight hits you with a +0 flail.
A steam dragon comes into view.
You slash the wight!
The wight is almost destroyed.
You slash the wight!
You destroy the wight!
Trog accepts your kill.
You closely miss the black bear. You slash the black bear!
The black bear is heavily wounded.
You are no longer berserk.
You are exhausted.
You feel yourself slow down. The black bear bites you.
The black bear barely misses you.
The black bear claws you but does no damage.
You hit the black bear.
The black bear is severely wounded.
The black bear closely misses you.
The black bear claws you but does no damage.
The black bear closely misses you. The black bear bites you.
The black bear barely misses you.
The black bear claws you but does no damage.
You hit the black bear.
The black bear is severely wounded.
A hound comes into view.
The black bear goes berserk!
As you read the scroll labelled QEOVVA ZOIC, it crumbles to dust.
It is a scroll of identify.
d - 4 potions of curing The black bear bites you but does no damage.
The black bear claws you but does no damage. x2
The black bear barely misses you.
The black bear claws you but does no damage. x2
It was a potion of flight.
You feel very buoyant.
You fly up into the air.
The black bear bites you!
* * * LOW HITPOINT WARNING * * *
The black bear claws you.
* * * LOW HITPOINT WARNING * * *
The black bear barely misses you. x2; The black bear misses you.
The black bear closely misses you. The black bear bites you.
* * * LOW HITPOINT WARNING * * *
The black bear claws you but does no damage.
The black bear claws you.
* * * LOW HITPOINT WARNING * * *
It was a potion of might.
You feel very mighty all of a sudden. The black bear closely misses you.
The black bear claws you but does no damage.
The black bear barely misses you. The hound barely misses you.
The black bear barely misses you. x2
The black bear claws you but does no damage.
It was a potion of resistance.
You feel protected.
You hear the slow hiss of a distant avalanche of sand.
The hound bites you but does no damage. The black bear barely misses you.
The black bear claws you.
* * * LOW HITPOINT WARNING * * *
The black bear claws you.
You die...

, , #.# * * #.#
*, * #.# * #.# ,
##.##* , , .D. ,
* * *#h#* , ,
##############@#
*
#...........†h.#
#.##############
, , ###.# *
....# ###.# * *
###


You could see a steam dragon, a black bear (berserk) and a hound.

Vanquished Creatures
  A black bear (D:6)
  3 wights (D:6)
  3 adders (D:2)
  2 endoplasms
  2 giant cockroaches (D:2)
  3 goblins (D:1)
  A hobgoblin (D:2)
  2 jackals (D:1)
  A ball python (D:2)
  A kobold (D:2)
  3 rats
22 creatures vanquished.

Vanquished Creatures (others)
  A plant (D:1)
1 creature vanquished.

Grand Total: 23 creatures vanquished

Notes
Turn   | Place    | Note
-------+----------+-------------------------------------------
     0 | D:1      | sleeves the Meteoran Berserker began the quest for the Orb.
     0 | D:1      | Reached XP level 1. HP: 19/19 MP: 2/2
    72 | D:1      | Reached skill level 4 in Axes
   161 | D:1      | Reached XP level 2. HP: 24/26 MP: 3/3
   509 | D:2      | Reached XP level 3. HP: 28/31 MP: 4/4
   516 | D:2      | Reached skill level 5 in Axes
   546 | D:2      | Found Hautuxer's Armour Shop.
   589 | D:2      | Noticed a golden eye
   590 | D:2      | Found a faded altar of an unknown god.
   594 | D:2      | Noticed a great orb of eyes
   594 | D:2      | Noticed a shining eye
   594 | D:2      | Noticed a shining eye
   713 | D:2      | Reached XP level 4. HP: 27/38 MP: 5/5
   807 | D:3      | You fall into a shaft and drop 3 floors!
   817 | D:6      | Noticed a black bear
   840 | D:6      | Noticed a wight
   840 | D:6      | Noticed a black bear
   842 | D:6      | Killed a black bear
   843 | D:6      | Reached skill level 6 in Axes
   843 | D:6      | Reached skill level 2 in Ranged Weapons
   843 | D:6      | Reached XP level 5. HP: 45/45 MP: 6/6
   846 | D:6      | Reached skill level 3 in Ranged Weapons
   846 | D:6      | Reached XP level 6. HP: 51/51 MP: 7/7
   850 | D:6      | Noticed a steam dragon
   858 | D:6      | HP: 19/51 [black bear (7)]
   858 | D:6      | HP: 8/51 [black bear (6)]
   860 | D:6      | HP: 3/51 [black bear (6)]
   860 | D:6      | Slain by a black bear

Illustrated notes

Levels and vault maps discovered:
D:1:      dpeg_arrival_shelter, layout_loops_ring, serial_forest,
          infiniplex_forest_zigzag_2, infiniplex_forest_straight_2,
          infiniplex_forest_end_double, infiniplex_forest_zigzag_1
D:2:      layout_loops_ring, serial_shops, shop_fountains,
          hellmonk_ecumenical_altar_watching_god, kennysheep_generic_room_12
D:3:      layout_basic, kennysheep_vampire_church, serial_bayou,
          serial_bayou_lagoon_a, serial_bayou_ford_a, serial_bayou_pond_d,
          serial_bayou_crossing, minmay_misc_feat_x
D:6:      layout_basic, nicolae_elyvilon_peaceful_grove,
          minmay_temple_entry_statues_fountains, enter_ossuary_5,
          ebering_ghost_sewer_f, uniq_blork_the_orc

Skill      XL: |  1  2  3  4  5 |
---------------+----------------+-----
Axes           | 4 5 6 |  6.9
Ranged Weapons | 2 3 |  3.8
Fighting       | |  3.2
Armour         | |  2.4
Dodging        | |  2.4

Action                   |  1- 3 |  4- 6 || total
-------------------------+-------+-------++-------
Melee: Hand axe          |    46 |    29 ||    75
       Punch             |       |     1 ||     1
Invok: Berserk           |       |     1 ||     1
  Use: Scroll            |       |     3 ||     3
       Potion            |       |     3 ||     3
Armor: Animal skin       |    10 |       ||    10
       Ring mail         |     3 |    17 ||    20
Dodge: Dodged            |    22 |    32 ||    54
